 Dungeon Crawl Stone Soup version 0.25-a0-346-g140ab784a8 (webtiles) character file.

Game seed: 17841918476281450252, levelgen mode: deterministic

3336 PentaManta the Slicer (level 10, -5/46 HPs)
             Began as a Vine Stalker Assassin on Jan 1, 2020.
             Was a Follower of Uskayaw.
             Slain by a killer bee (6 damage)
             ... on level 8 of the Dungeon.
             The game lasted 00:15:44 (6416 turns).

PentaManta the Slicer (Vine Stalker Assassin)       Turns: 6416, Time: 00:15:45

Health: -5/46      AC: 13    Str: 18    XL:     10   Next: 2%
Magic:  0/11       EV: 10    Int: 11    God:    Uskayaw [*.....]
Gold:   417        SH:  3    Dex: 15    Spells: 9/9 levels left

rFire    + . .     SeeInvis .   h - +4 dagger (vamp)
rCold    . . .     Gourm    .   m - +0 buckler
rNeg     . . .     Faith    .   v - +3 ring mail {rF+}
rPois    .         Spirit   +   o - +0 helmet
rElec    .         Reflect  .   c - +0 cloak
rCorr    .         Harm     .   w - +0 pair of gloves
MR       +....                  (no boots)
Stlth    ++........             (no amulet)
HPRegen  0.55/turn              B - +2 ring of protection
MPRegen  0.12/turn              (no ring)

@: lethally poisoned (-5 -> -5)
A: fangs 3, regeneration 1, magic shield, antimagic bite, no potion heal 3, rot
immunity
a: Stomp, Renounce Religion


You were on level 8 of the Dungeon.
You worshipped Uskayaw.
Uskayaw was noncommittal.
You were not hungry.

You visited 2 branches of the dungeon, and saw 9 of its levels.

You collected 443 gold pieces.
You spent 26 gold pieces at shops.

Inventory:

Hand Weapons
 h - a +4 vampiric dagger (weapon)
 j - a +2 dagger of venom
Missiles
 d - 8 poisoned darts (quivered)
 e - 2 curare-tipped darts
Armour
 c - a +0 cloak (worn)
 m - a +0 buckler (worn)
 o - a +0 helmet (worn)
 v - a +3 ring mail of fire resistance (worn)
 w - a +0 pair of gloves (worn)
Jewellery
 B - a +2 ring of protection (left hand)
Wands
 q - a wand of paralysis (8)
 C - a wand of polymorph (6)
Scrolls
 g - 2 scrolls of teleportation
 i - 2 scrolls of enchant armour
 k - 5 scrolls of identify
 u - a scroll of fog
 y - 2 scrolls of vulnerability {unknown}
Potions
 a - 2 potions of might
 l - a potion of agility
 n - a potion of brilliance
 p - a potion of cancellation {unknown}
 r - a potion of magic {unknown}
 s - 5 potions of flight {unknown}
 t - a potion of ambrosia {unknown}
 z - a potion of resistance {unknown}
 A - a potion of invisibility {unknown}
Comestibles
 f - 12 rations
 x - a chunk of flesh


   Skills:
 - Level 1.7 Fighting
 * Level 12.4 Short Blades
 - Level 1.7 Throwing
 - Level 0.7 Dodging
 - Level 5.2 Stealth


You had 9 spell levels left.
You didn't know any spells.
Your spell library contained the following spells:

 Spells                   Type           Power        Failure   Level  Hunger
 Magic Dart               Conj           #...         71%         1    ##.....
 Blink                    Tloc           N/A          85%         2    ###....
 Call Imp                 Summ           #.......     85%         2    ###....
 Slow                     Hex            #.......     85%         2    ###....
 Conjure Flame            Conj/Fire      #.......     97%         3    ####...
 Mephitic Cloud           Conj/Pois/Air  #.......     97%         3    ####...


Dungeon Overview and Level Annotations

Branches:
Dungeon (8/15)             Temple (1/1) D:4
   Lair: D:8-11

Altars:
Ashenzari
Cheibriados
Elyvilon
Fedhas
Gozag
Nemelex Xobeh
Sif Muna
Trog
Uskayaw
Xom
Yredelemnul
Zin

Shops:
D:5 *

Annotations:
D:3 1 runed translucent door


Innate Abilities, Weirdness & Mutations

You have razor-sharp teeth.
Your natural rate of healing is unusually fast.
When hurt, damage is shared between your health and your magic reserves.
Your bite disrupts and absorbs the magic of your enemies.
Potions cannot restore your health.
You are immune to rotting.


Message History

The killer bee closely misses you.
You hit the killer bee.
The killer bee is moderately wounded.
The killer bee stings you.
* * * LOW HITPOINT WARNING * * *
You are poisoned.
The killer bee poisons you!
You feel sick.
The killer bee stings you but does no damage.
Items here: ††††† a killer bee corpse x5
You feel sick.
The killer bee seems less confused.
The killer bee misses you.
The killer bee stings you but does no damage.
Okay, then.
You feel sick. The killer bee barely misses you. The killer bee stings you!
* * * LOW HITPOINT WARNING * * *
* * * LOW HITPOINT WARNING * * *
You feel sick. The killer bee stings you!
You die...

# #..# # #.)## # . #)).# # ##.
#.#)# .# ## #.. #.#.# #.. .# #.#
###)#######... .# #.#
##..#...[...#
.##########.####....†.......
..............>.@y........#
†÷..)######.##.##yyy..###.#
)....# #...##.##.##.####.# .
.....# #.........##†###..####..
.....####...########y.##........
............# ##D#.y...#
.....####...# #5....## .....#
#>..# ###.y.†# .....# #####
#..##.#


You could see 4 killer bees.

Vanquished Creatures
  A queen bee (D:8)
  A black bear (D:8)
  3 ice beasts
  2 orc warriors
  2 ogres
  2 centaurs
  4 bullfrogs
  A gnoll sergeant (D:8)
  A water moccasin skeleton (D:5)
  4 scorpions
  11 killer bees (D:8)
  4 crimson imps
  A bullfrog skeleton (D:4)
  A hound (D:5)
  2 jellies
  An orc priest (D:4)
  10 orc wizards
  A centaur skeleton (D:5)
  Ijyb (D:3)
  An iguana (D:7)
  7 worker ants
  A killer bee zombie (D:5)
  A hound skeleton (D:6)
  A worker ant zombie (D:6)
  14 gnolls
  A howler monkey skeleton (D:5)
  7 adders
  2 oozes (D:1)
  5 worms
  4 leopard geckos
  19 orcs
  5 giant cockroaches
  14 goblins
  5 hobgoblins
  6 jackals
  5 kobolds
  4 quokkas
  8 bats
  2 frilled lizards
  A jackal skeleton (D:6)
  A leopard gecko skeleton (D:4)
  A leopard gecko zombie (D:6)
  2 quokka skeletons
  13 rats
183 creatures vanquished.

Notes
Turn   | Place    | Note
-------+----------+-------------------------------------------
     0 | D:1      | PentaManta the Vine Stalker Assassin began the quest for
                  | the Orb.
     0 | D:1      | Reached XP level 1. HP: 11/11 MP: 2/2
     9 | D:1      | Reached skill level 2 in Short Blades
    52 | D:1      | Reached skill level 5 in Stealth
    52 | D:1      | Reached XP level 2. HP: 15/15 MP: 3/3
   459 | D:1      | Reached XP level 3. HP: 18/18 MP: 4/4
  1059 | D:1      | Reached skill level 3 in Short Blades
  1254 | D:1      | Gained mutation: Your natural rate of healing is unusually
                  | fast. [Vine Stalker growth]
  1254 | D:1      | Reached XP level 4. HP: 7/23 MP: 2/5
  1514 | D:2      | Reached skill level 4 in Short Blades
  1684 | D:2      | Found a hide-covered altar of Uskayaw.
  1693 | D:2      | Became a worshipper of Uskayaw the Reveler
  1741 | D:2      | Reached * piety under Uskayaw
  1743 | D:2      | Reached XP level 5. HP: 26/26 MP: 6/6
  1745 | D:2      | Reached ** piety under Uskayaw
  2138 | D:3      | Found a white marble altar of Elyvilon.
  2172 | D:3      | Found a white marble altar of Elyvilon.
  2172 | D:3      | Found a runed translucent door.
  2172 | D:3      | Noticed an angel
  2214 | D:3      | Found a shimmering altar of Xom.
  2239 | D:4      | Found a staircase to the Ecumenical Temple.
  2270 | D:3      | Reached skill level 5 in Short Blades
  2561 | D:3      | Noticed Ijyb
  2628 | D:3      | Paralysed by Ijyb for 7 turns
  2690 | D:3      | Killed Ijyb
  2690 | D:3      | Reached XP level 6. HP: 30/30 MP: 7/7
  3168 | Temple   | Entered the Ecumenical Temple
  3240 | D:4      | Reached *** piety under Uskayaw
  3254 | D:4      | Reached **** piety under Uskayaw
  3257 | D:4      | Reached skill level 6 in Short Blades
  3263 | D:4      | Reached ***** piety under Uskayaw
  3384 | D:4      | Noticed a moth of wrath
  3387 | D:4      | Found a bloodstained altar of Trog.
  3560 | D:4      | Reached XP level 7. HP: 17/34 MP: 4/8
  3732 | D:4      | Found a glowing silver altar of Zin.
  4123 | D:5      | Entered Level 5 of the Dungeon
  4185 | D:5      | Reached skill level 7 in Short Blades
  4222 | D:5      | Reached skill level 8 in Short Blades
  4222 | D:5      | Gained mutation: You have razor-sharp teeth. [Vine Stalker
                  | growth]
  4222 | D:5      | Reached XP level 8. HP: 33/38 MP: 9/9
  4370 | D:5      | Reached skill level 9 in Short Blades
  4403 | D:5      | Found a sparkling altar of Nemelex Xobeh.
  4599 | D:5      | Found Roedieru's Assorted Antiques.
  4603 | D:5      | Bought a scroll labeled VURYHUVAUXT for 26 gold pieces
  4720 | D:6      | Found an opulent altar of Gozag.
  4722 | D:6      | Found a shattered altar of Ashenzari.
  4791 | D:6      | Found a blossoming altar of Fedhas.
  4983 | D:6      | Reached skill level 10 in Short Blades
  5262 | D:6      | Reached XP level 9. HP: 42/42 MP: 10/10
  5509 | D:7      | Found a snail-covered altar of Cheibriados.
  5643 | D:7      | Found a basalt altar of Yredelemnul.
  5786 | D:7      | Reached skill level 11 in Short Blades
  5848 | D:7      | Found a glowing silver altar of Zin.
  6317 | D:8      | Reached skill level 12 in Short Blades
  6383 | D:8      | Noticed a queen bee
  6399 | D:8      | Killed a queen bee
  6399 | D:8      | Reached XP level 10. HP: 19/46 MP: 11/11
  6415 | D:8      | HP: 1/46 [killer bee (4)]
  6416 | D:8      | Slain by a killer bee

Levels and vault maps discovered:
D:1:      erik_arrival_gehennom, layout_basic
D:2:      layout_basic, eat_drink_and_be_merry_uskayaw,
          grunt_decor_mini_mirrors, kennysheep_potato
D:3:      kennysheep_goblin_castle, layout_basic, lemuel_crystal_altar,
          old_standard_altar, lemuel_angel_altar
D:4:      layout_layer_cave, zin_statuary, tgw_trog, minmay_temple_entry_waves,
          first_ration
D:5:      layout_cave_pools, lemuel_round_altar, serial_shops,
          nicolae_shop_trees
D:6:      layout_basic, gammafunk_temple_overflow_forgotten
D:7:      layout_basic, yredelemnul_altar_generic, marbit_many_paths,
          basic_altar
D:8:      layout_rooms, vehumet_crystals, serial_shops, shop_fountains,
          david_nohive_1
Temple:   eino_wide_crystal_templ

Skill      XL: |  1  2  3  4  5  6  7  8  9 |
---------------+----------------------------+-----
Short Blades   | 2 3 4 5 6 8 10 12 | 12.4
Stealth        | 5 |  5.2
Fighting       | |  1.7
Throwing       | |  1.7
Dodging        | |  0.7

Action                   |  1- 3 |  4- 6 |  7- 9 | 10-12 || total
-------------------------+-------+-------+-------+-------++-------
Melee: Dagger            |    40 |   133 |   373 |     2 ||   548
       Bite              |    15 |   114 |   122 |     1 ||   252
       Short sword       |    20 |   218 |       |       ||   238
Invok: Line Pass         |       |       |       |     1 ||     1
  Use: Scroll            |     1 |     5 |     9 |       ||    15
       Potion            |       |       |       |     1 ||     1
 Stab: Sleeping          |     9 |    14 |    10 |       ||    33
       Paralysed         |       |     2 |    11 |       ||    13
       Distracted        |       |       |     1 |       ||     1
  Eat: Chunk             |     1 |     8 |     9 |       ||    18
Armor: Ring mail         |    12 |   130 |    97 |     5 ||   244
       Robe              |     1 |       |       |       ||     1
Dodge: Dodged            |    21 |   118 |    92 |     8 ||   239
Block: Buckler           |       |    24 |    27 |       ||    51

Table legend:
 A = Non-vault XP
 B = Vault XP
 C = Vault XP percentage of total XP
 D = Non-vault monster count
 E = Vault monster count
 F = Vault count percentage of total count
                 A         B        C        D         E       F
            +---------+---------+-------+---------+---------+-------
      Total |    3552 |    1214 |  25.5 |     145 |      38 |  20.8
            +---------+---------+-------+---------+---------+-------
        D:1 |      65 |      19 |  22.6 |      16 |       5 |  23.8
        D:2 |      82 |       4 |   4.7 |      23 |       3 |  11.5
        D:3 |      72 |      63 |  46.7 |      14 |      12 |  46.2
        D:4 |     335 |       9 |   2.6 |      21 |       5 |  19.2
        D:5 |    1038 |       0 |   0.0 |      23 |       0 |   0.0
        D:6 |     847 |       0 |   0.0 |      21 |       0 |   0.0
        D:7 |     516 |     115 |  18.2 |      14 |       1 |   6.7
        D:8 |     597 |    1004 |  62.7 |      13 |      12 |  48.0
            +---------+---------+-------+---------+---------+-------
